 Dungeon Crawl Stone Soup version 0.19-a0-1111-gcceb26a (webtiles) character file.

183 hairmachine the Chopper (level 5, 0/42 HPs)
             Began as a Minotaur Gladiator on Aug 10, 2016.
             Slain by a gnoll
             ... wielding a +0 whip
              (5 damage)
             ... on level 3 of the Dungeon.
             The game lasted 00:06:31 (3353 turns).

hairmachine the Chopper (Minotaur Gladiator)        Turns: 3353, Time: 00:06:32

Health: 0/42       AC:  4    Str: 24    XL:     5   Next: 35%
Magic:  4/4        EV: 18    Int:  5    God:
Gold:   147        SH:  0    Dex: 17    Spells: 0 memorised, 4 levels left

rFire  . . .     SeeInvis .     a - +0 war axe
rCold  . . .     Gourm    .     b - +0 leather armour
rNeg   . . .     Faith    .     (no shield)
rPois  .         Spirit   .     c - +0 hat
rElec  .         Dismiss  .     (no cloak)
rCorr  .         Reflect  .     (no gloves)
SustAt .         Harm     .     y - +0 pair of boots
MR     .....                    (no amulet)
Stlth  ++........               (no ring)
                                t - ring of wizardry

@: mighty, agile
A: retaliatory headbutt, horns 2
a: no special abilities


You were on level 3 of the Dungeon.
You were not hungry.

You visited 1 branch of the dungeon, and saw 3 of its levels.

You collected 147 gold pieces.

Inventory:

Hand Weapons
 a - a +0 war axe (weapon)
Armour
 b - a +0 leather armour (worn)
 c - a +0 hat (worn)
 h - a +0 large shield
 y - a +0 pair of boots (worn)
Jewellery
 t - a ring of wizardry (left hand)
Scrolls
 e - 2 scrolls of identify {unknown}
 g - 2 scrolls of remove curse {unknown}
 j - 2 scrolls of random uselessness {unknown}
 m - a scroll of enchant armour {unknown}
 o - 3 scrolls of fear
 q - a scroll of teleportation {unknown}
 u - a scroll of recharging {unknown}
Potions
 p - a potion of degeneration {unknown}
 r - a potion of heal wounds {unknown}
 v - a potion of lignification {unknown}
 w - a potion of berserk rage {unknown}
Comestibles
 f - 3 bread rations
 i - a meat ration
 s - a slice of pizza
 x - 25 chunks of flesh


   Skills:
 - Level 2.4 Fighting
 + Level 7.3 Axes
 - Level 2.0 Throwing
 - Level 3.2 Dodging


You had 4 spell levels left.
You didn't know any spells.

Dungeon Overview and Level Annotations

Branches:
Dungeon (3/15)

Altars:
Trog


Innate Abilities, Weirdness & Mutations

You reflexively headbutt those who attack you in melee.
You have a pair of horns on your head.


Message History

The big kobold struggles against the net.
The gnoll hits you with a spear!
You hit the gnoll.
You kill the gnoll!
The big kobold throws a stone.
The stone closely misses you.
The big kobold struggles against the net.
The gnoll hits you with a whip.
* * * LOW HITPOINT WARNING * * *
You closely miss the gnoll.
The big kobold struggles against the net.
The net rips apart, and the big kobold comes free!
The gnoll hits you with a whip.
* * * LOW HITPOINT WARNING * * *
It was a potion of might.
You feel very mighty all of a sudden. The gnoll barely misses you.
You furiously retaliate!
You headbutt the gnoll!
It was a potion of agility.
You feel agile all of a sudden. The gnoll hits you with a whip.
You die...

≈≈≈≈≈≈≈≈≈≈≈≈≈≈....≈≈≈≈≈≈≈≈≈≈≈≈≈≈≈
≈≈≈≈≈≈≈≈≈≈≈≈≈≈.....≈≈≈≈≈≈≈≈≈≈≈≈≈≈
≈≈≈≈≈≈≈≈≈≈≈≈≈≈....≈)≈≈≈≈≈≈≈≈≈≈≈≈≈
..≈.≈≈≈≈...≈≈≈.......≈..≈≈≈.≈≈≈≈.
.............).((................
..............(..................
........##..)(.KK#.........##.#..
#..)..#..#.##(##g#......... #...#
#...#.##.#.#..(#@#<....#.#####..#
....#....#.#<.(#)#.........###.##
#...######.#...#)#....)#.#.#...#
#...# #.#...#.#..##.###.#...##
#...# #.#...#.#.........#...#.
....# #.#....(..###.###.#...#.
....# #.#.#.#.#.........#...#.
....# #.#.....#.###.#.......#.
#...# #.#.....#.....#..#....#.


You could see 2 big kobolds and a gnoll.

Vanquished Creatures
  6 gnolls (D:3)
  An adder (D:3)
  A worm (D:2)
  3 dart slugs
  2 giant geckos (D:1)
  3 orcs (D:3)
  2 ball pythons (D:1)
  3 giant cockroaches
  28 goblins
  25 hobgoblins
  6 kobolds
  4 bats
  A giant newt (D:1)
  3 rats
88 creatures vanquished.

Notes
Turn   | Place    | Note
-------+----------+-------------------------------------------
     0 | D:1      | hairmachine the Minotaur Gladiator began the quest for the Orb.
     0 | D:1      | Reached XP level 1. HP: 18/18 MP: 0/0
   152 | D:1      | Reached skill level 4 in Axes
   392 | D:1      | Reached XP level 2. HP: 24/25 MP: 1/1
  1264 | D:2      | Reached skill level 5 in Axes
  1606 | D:2      | Reached XP level 3. HP: 30/30 MP: 2/2
  1758 | D:2      | Found a bloodstained altar of Trog.
  2106 | D:3      | Found a faded altar of an unknown god.
  2694 | D:3      | Reached XP level 4. HP: 36/37 MP: 3/3
  2697 | D:3      | Reached skill level 6 in Axes
  3213 | D:3      | Reached XP level 5. HP: 42/42 MP: 4/4
  3215 | D:3      | Reached skill level 7 in Axes
  3353 | D:3      | Slain by a gnoll

Vault maps used:
D:1:      kennysheep_arrival_forest, corexii_leaking_fountain
D:2:      lightli_temple_of_fire, kennysheep_nub, st_stairs_6
D:3:      minmay_goblin_kobold_castle, ashenzari_altar_1, ecumenical_altar_1

Skill      XL: |  1  2  3  4  5 |
---------------+----------------+-----
Axes           | 4 5 6 7 |  7.3
Fighting       | |  2.4
Throwing       | |  2.0
Dodging        | |  3.2

Action                   |  1- 3 |  4- 6 || total
-------------------------+-------+-------++-------
Melee: War axe           |    94 |    62 ||   156
       Headbutt          |    17 |    13 ||    30
Throw: Throwing net      |       |     5 ||     5
  Use: Scroll            |     1 |       ||     1
       Potion            |       |     3 ||     3
 Stab: Held in net/web   |       |     2 ||     2
  Eat: Chunk             |     5 |     3 ||     8
Armor: Leather armour    |    24 |    12 ||    36
Dodge: Dodged            |    57 |    55 ||   112
Block: Large shield      |     5 |       ||     5
